 Dungeon Crawl Stone Soup version 0.30-a0-918-g0ff054e9dc (webtiles) character file.

Game seed: 12624908824905079558

14744 Twinkles the Nimble (level 11, -3/60 HPs)
             Began as a Spriggan Reaver on Mar 6, 2023.
             Was a Believer of Vehumet.
             Killed from afar by a gargoyle (19 damage)
             ... with a stone arrow
             ... in a volcano on Mar 20, 2023.
             The game lasted 01:44:45 (18752 turns).

Twinkles the Nimble (Spriggan Reaver)              Turns: 18752, Time: 01:44:46

Health: -3/60      AC:  7    Str: 14    XL:     11   Next: 92%
Magic:  17/24      EV: 22    Int: 19    God:    Vehumet [**....]
Gold:   1520       SH:  0    Dex: 14    Spells: 6/26 levels left

rFire   + . .      SeeInvis +    a - +2 short sword (elec)
rCold   . . .      Faith    .    (no shield)
rNeg    . . .      Spirit   .    O - +0 acid dragon scales
rPois   .          Reflect  .    (helmet restricted)
rElec   .          Rampage  .    f - +0 cloak
rCorr   +                        (gloves unavailable)
Will    +....                    (boots unavailable)
Stlth   ++++                     (no amulet)
HPRegen 0.30/turn                m - ring of protection from fire
MPRegen 0.19/turn                x - +6 ring of strength

@: very quick
A: very small, no large weapons, unfitting armour, see invisible, speed 3
a: Renounce Religion


You were in a volcano.
You worshipped Vehumet.
Vehumet was pleased with you.
You visited 3 branches of the dungeon, and saw 12 of its levels.
You also visited: Bailey and Volcano.

You collected 1520 gold pieces.

Inventory:

Hand Weapons
 a - a +2 short sword of electrocution (weapon)
 b - a +2 dagger of venom
 c - a +2 sling of freezing
 k - a +4 whip
 n - a +0 short sword
 t - a +0 sling
Missiles
 d - 3 throwing nets
 o - 29 poisoned darts (quivered)
 r - 4 datura-tipped darts
 C - 4 atropa-tipped darts
 D - 3 curare-tipped darts
Armour
 f - a +0 cloak (worn)
 l - a +1 robe
 v - a scarf of invisibility
 O - +0 acid dragon scales (worn)
Magical Staves
 p - a staff of poison
Jewellery
 m - a ring of protection from fire (left hand)
 x - a +6 ring of strength (right hand)
 y - a ring of protection from cold
Wands
 e - a wand of charming (10)
 i - a wand of iceblast (21)
 j - a wand of polymorph (5)
 q - a wand of flame (7)
Scrolls
 g - 2 scrolls of enchant armour
 h - a scroll of fear {unknown}
 s - 2 scrolls of vulnerability {unknown}
 u - 5 scrolls of teleportation {unknown}
 w - a scroll of amnesia {unknown}
 z - a scroll of noise {unknown}
 E - a scroll of fog {unknown}
 G - a scroll of summoning {unknown}
 I - 2 scrolls of poison {unknown}
 K - 2 scrolls of immolation
 P - a scroll of brand weapon {unknown}
Potions
 A - 2 potions of attraction
 B - 2 potions of brilliance
 F - 2 potions of lignification {unknown}
 H - a potion of haste
 J - 7 potions of curing
 L - 3 potions of flight
 M - a potion of might
 N - 2 potions of heal wounds
 Q - 2 potions of magic
 R - a potion of mutation {unknown}
 T - a potion of berserk rage


   Skills:
 + Level 7.9 Fighting
 - Level 6.8 Short Blades
 + Level 12.0 Dodging
 - Level 8.7 Stealth
 - Level 8.2 Spellcasting
 + Level 7.4 Conjurations
 - Level 3.0 Translocations
 + Level 3.8 Fire Magic
 - Level 0.7 Earth Magic


You had 6 spell levels left.
You knew the following spells:

 Your Spells              Type           Power      Damage    Failure   Level
a - Magic Dart            Conj           100%       1d8       1%          1
b - Momentum Strike       Conj/Tloc      54%        3d9       2%          2
c - Hailstorm             Conj/Ice       21%        3d6       9%          3
d - Scorch                Fire           44%        2d7       4%          2
e - Stone Arrow           Conj/Erth      46%        3d9       8%          3
f - Foxfire               Conj/Fire      100%       2x1d9     1%          1
g - Fireball              Conj/Fire      14%        3d8       34%         5
h - Blink                 Tloc           38%        N/A       6%          2
k - Kiss of Death         Conj/Necr      84%        2d11      2%          1

Your spell library contained the following spells:

 Spells                   Type           Power      Damage    Failure   Level
 Apportation              Tloc           38%        N/A       3%          1
 Lesser Beckoning         Tloc           38%        N/A       6%          2
 Necrotise                Necr           28%        1d5       13%         1
 Summon Small Mammal      Summ           28%        N/A       13%         1
 Cigotuvi's Dreadful Rot  Necr/Pois/Air  14%        N/A       21%         2
 Confusing Touch          Hex            7%         N/A       36%         3
 Anguish                  Hex/Necr       3%         N/A       78%         4
 Dispel Undead            Necr           7%         3d8       78%         4
 Summon Ice Beast         Ice/Summ       7%         N/A       78%         4
 Starburst                Conj/Fire      14%        6d6       89%         6
 Summon Mana Viper        Hex/Summ       7%         N/A       98%         5
 Death Channel            Necr           3%         N/A       100%        6
 Enfeeble                 Hex            3%         N/A       100%        7
 Monstrous Menagerie      Summ           3%         N/A       100%        7


Dungeon Overview and Level Annotations

Branches:
Dungeon (10/15) Zot: 22595  Temple (1/1) D:6 Zot: 5974    Lair (1/5) D:10 Zot: 5866
 Bailey (visited)         Volcano (1/1) Zot: 5775
    Orc: D:9-12

Altars:
Ashenzari
Cheibriados
Dithmenos
Elyvilon
Fedhas
Gozag
Hepliaklqana
Kikubaaqudgha
Makhleb
Nemelex Xobeh
Okawaru
Qazlal
Ru
Sif Muna
Trog
Uskayaw
Vehumet
Wu Jian
Xom
Yredelemnul
Zin
The Shining One

Shops:
D:1 !

Annotations:
D:3 1 exclusion
D:5 exclusion: centaur
D:6 1 runed translucent door, Darkkill's ghost, novice MiHu
D:10 6 transporters, Gastronok
Lair:1 Amaemon


Innate Abilities, Weirdness & Mutations

You are very small and have problems with some larger weapons.
You are too small for most types of armour.
You have supernaturally acute eyesight. (SInv)
You cover ground extremely quickly. (Speed+++)


Message History

The gargoyle hurls a stone arrow at you.
The stone arrow misses you.
Casting: Foxfire (safe; 1% risk of failure)
Confirm with . or Enter, or press ? or * to list all spells.
You can't see any susceptible monsters within range! (Use Z to cast anyway.)
Casting: Foxfire (safe; 1% risk of failure)
Confirm with . or Enter, or press ? or * to list all spells.
You conjure some foxfire!
Casting: Foxfire (safe; 1% risk of failure)
Confirm with . or Enter, or press ? or * to list all spells.
Flames lash the gargoyle but do no damage.
The foxfire hits the gargoyle but does no damage.
The gargoyle is lightly damaged.
The foxfire hits the gargoyle but does no damage.
The gargoyle is lightly damaged.
Casting: Scorch (safe; 4% risk of failure)
Confirm with . or Enter, or press ? or * to list all spells.
Flames lash the gargoyle but do no damage.
The gargoyle hurls a stone arrow at you.
The stone arrow misses you.
Casting: Scorch (safe; 4% risk of failure)
Confirm with . or Enter, or press ? or * to list all spells.
You conjure some foxfire!
Casting: Foxfire (safe; 1% risk of failure)
Confirm with . or Enter, or press ? or * to list all spells.
Flames lash the gargoyle but do no damage.
The foxfire hits the gargoyle but does no damage.
The gargoyle is lightly damaged.
The foxfire hits the gargoyle but does no damage.
The gargoyle is lightly damaged.
The gargoyle completely misses you.
You hit the gargoyle but do no damage.
The gargoyle is lightly damaged.
The gargoyle hurls a stone arrow at you.
The stone arrow hits you!!
* * * LOW HITPOINT WARNING * * *
There is a rocky tunnel leading out of this place here.
The gargoyle hurls a stone arrow at you.
The stone arrow hits you!!
You die...

#..# #(.# #..#
#..#
########..#
##.8..8##..####
#8.....'(8...8#
#......'......#
#@.∩...#..⌠...#
#.9....+......#
#8.....+.8...8#
##.8..8##..####
########..#
#..# #..#


You could see a gargoyle.

Vanquished Creatures
  A two-headed ogre (D:9)
  A deep elf zephyrmancer (D:6)
  2 cyclopes (Volcano)
  A cane toad (Lair:1)
  Psyche (D:10)
  A kobold demonologist (D:8)
  A komodo dragon (D:9)
  A hornet (D:6)
  6 slime creatures (D:10)
  A vampire (D:10)
  4 wyverns
  34 yaks
  2 steam dragons (D:6)
  An acid dragon (D:9)
  6 water moccasins
  4 orc warriors
  2 ice beasts
  A black bear (D:6)
  3 sky beasts
  2 ogres (D:5)
  A centaur (D:10)
  A phantom (D:7)
  5 kobold brigands
  5 bullfrogs
  5 gnoll sergeants
  2 scorpions
  15 wights
  2 electric eels (D:7)
  4 howler monkeys (D:6)
  4 hounds
  4 jellies
  7 orc priests
  2 gnoll boudas
  A sleepcap (D:8)
  2 iguanas (D:5)
  6 orc wizards
  23 gnolls
  2 adders
  A shadow imp (D:6)
  2 white imps
  2 ufetubi
  A worm (D:2)
  4 dart slugs
  34 orcs
  8 endoplasms
  7 giant cockroaches
  7 goblins
  9 hobgoblins
  2 quokkas
  9 ball pythons
  6 bats
  6 frilled lizards
  19 kobolds
  3 rats
286 creatures vanquished.

Vanquished Creatures (others)
  A gnoll (D:10)
  A quokka (D:10)
  A bush (D:10)
  816 foxfires
  4 fungi (D:10)
  36 plants
859 creatures vanquished.

Grand Total: 1145 creatures vanquished

Notes
Turn   | Place    | Note
-------+----------+-------------------------------------------
     0 | D:1      | Twinkles the Spriggan Reaver began the quest for the Orb.
     0 | D:1      | Reached XP level 1. HP: 10/10 MP: 5/5
    39 | D:1      | Found a faded altar of an unknown god.
   176 | D:1      | Reached XP level 2. HP: 7/15 MP: 6/6
   232 | D:1      | Reached skill level 3 in Dodging
   325 | D:1      | Found Cylose's Distillery.
   924 | D:2      | Reached XP level 3. HP: 18/18 MP: 8/8
  1084 | D:2      | Reached skill level 1 in Stealth
  1180 | D:2      | Found an iron altar of Okawaru.
  1189 | D:2      | Reached XP level 4. HP: 22/23 MP: 10/10
  1822 | D:3      | Found a bloodstained altar of Trog.
  1830 | D:3      | Found a snail-covered altar of Cheibriados.
  1902 | D:3      | Found a sacrificial altar of Ru.
  2207 | D:3      | Found a shimmering blue altar of Sif Muna.
  2344 | D:4      | Reached XP level 5. HP: 26/26 MP: 11/11
  2940 | D:5      | Entered Level 5 of the Dungeon
  2965 | D:5      | Noticed an ogre
  2984 | D:5      | Killed an ogre
  2985 | D:5      | Reached skill level 4 in Dodging
  3003 | D:5      | Reached XP level 6. HP: 27/32 MP: 13/13
  3068 | D:5      | HP: 9/32 [poisoned by an orc]
  3073 | D:4      | HP: 6/32 [poisoned by an orc]
  3469 | D:5      | Learned a level 1 spell: Foxfire
  3652 | D:5      | Noticed an ice beast
  3735 | D:5      | Killed an ice beast
  3944 | D:5      | Noticed a sky beast
  3981 | D:5      | Killed a sky beast
  3982 | D:5      | Reached XP level 7. HP: 36/36 MP: 7/14
  4338 | D:5      | Found an ornate altar of the Wu Jian Council.
  4563 | D:5      | Reached skill level 5 in Short Blades
  4563 | D:5      | Reached skill level 5 in Dodging
  4569 | D:5      | HP: 10/36 [poisoned by a water moccasin]
  4791 | D:5      | Reached skill level 5 in Stealth
  4791 | D:5      | Reached skill level 5 in Spellcasting
  5203 | D:5      | Reached XP level 8. HP: 32/40 MP: 13/16
  5472 | D:6      | Found a shimmering altar of Xom.
  5695 | D:5      | Reached skill level 6 in Dodging
  6041 | D:6      | Found an iron altar of Okawaru.
  6053 | D:6      | Found a runed translucent door.
  6054 | D:6      | Noticed Darkkill's ghost (novice MiHu)
  6133 | D:6      | Found a staircase to the Ecumenical Temple.
  6344 | Temple   | Entered the Ecumenical Temple
  6519 | D:6      | Noticed a deep elf zephyrmancer
  6522 | D:6      | Killed a deep elf zephyrmancer
  6523 | D:6      | Reached XP level 9. HP: 45/45 MP: 17/19
  7031 | D:5      | Reached skill level 7 in Dodging
  8164 | D:6      | Reached skill level 5 in Fighting
  8164 | D:6      | Reached skill level 1 in Fire Magic
  8866 | D:7      | Reached skill level 5 in Conjurations
  8901 | D:7      | Found a radiant altar of Vehumet.
  8909 | D:7      | Became a worshipper of Vehumet
  9036 | D:7      | Reached skill level 8 in Dodging
  9036 | D:7      | Reached XP level 10. HP: 44/51 MP: 19/22
  9272 | D:8      | Found a shadowy altar of Dithmenos.
  9392 | D:8      | Found a sparkling altar of Nemelex Xobeh.
 10433 | D:8      | Found a basalt altar of Yredelemnul.
 10871 | D:9      | Found a flagged portal.
 10892 | D:9      | HP: 7/51 [ice devil[a kobold demonologist] (20)]
 10970 | Bailey   | Entered a bailey
 11155 | Bailey   | Reached * piety under Vehumet
 11155 | Bailey   | Offered knowledge of Magic Dart by Vehumet.
 11162 | Bailey   | Learned a level 1 spell: Magic Dart
 11165 | Bailey   | Learned a level 2 spell: Momentum Strike
 11409 | Bailey   | Noticed an orc knight
 11477 | Bailey   | Found a bloodstained altar of Trog.
 11753 | D:9      | Noticed an orange demon
 11814 | D:9      | Noticed a two-headed ogre
 11822 | D:9      | Killed a two-headed ogre
 11823 | D:9      | Reached skill level 9 in Dodging
 11869 | D:9      | Learned a level 3 spell: Hailstorm
 12370 | D:9      | Reached skill level 1 in Translocations
 12526 | D:9      | Offered knowledge of Scorch by Vehumet.
 12527 | D:9      | Reached skill level 10 in Dodging
 12540 | D:8      | Learned a level 2 spell: Scorch
 12679 | D:9      | Reached ** piety under Vehumet
 12900 | D:9      | Found a stormy altar of Qazlal.
 12940 | D:10     | Entered Level 10 of the Dungeon
 12961 | D:10     | Found a transporter.
 13008 | D:9      | Reached XP level 11. HP: 26/58 MP: 5/24
 13396 | D:10     | Found a transporter.
 13445 | D:10     | Noticed Gastronok
 13722 | D:10     | Found a transporter.
 13727 | D:10     | Found a transporter.
 13734 | D:10     | Noticed Psyche
 13790 | D:10     | Upgraded the game from 0.30-a0-859-gf88a04b62d to
                  | 0.30-a0-860-g512cf1e979
 15874 | D:10     | Reached skill level 11 in Dodging
 15993 | D:10     | Found an opulent altar of Gozag.
 16046 | D:10     | Found a white marble altar of Elyvilon.
 16095 | D:10     | Found a staircase to the Lair.
 16491 | D:10     | Found a transporter.
 16674 | D:10     | Found a transporter.
 16702 | D:10     | Killed Psyche
 17335 | D:10     | Offered knowledge of Stone Arrow by Vehumet.
 17340 | D:10     | Learned a level 3 spell: Stone Arrow
 17948 | Lair:1   | Entered Level 1 of the Lair of Beasts
 18038 | D:10     | Upgraded the game from 0.30-a0-860-g512cf1e979 to
                  | 0.30-a0-862-g1aabd4f9c5
 18052 | D:10     | Upgraded the game from 0.30-a0-862-g1aabd4f9c5 to
                  | 0.30-a0-879-ga8ba668304
 18052 | D:10     | Upgraded the game from 0.30-a0-879-ga8ba668304 to
                  | 0.30-a0-883-g5ad918d77d
 18141 | D:10     | Upgraded the game from 0.30-a0-883-g5ad918d77d to
                  | 0.30-a0-913-g9934a0ce24
 18141 | D:10     | Upgraded the game from 0.30-a0-913-g9934a0ce24 to
                  | 0.30-a0-918-g0ff054e9dc
 18147 | D:10     | Learned a level 5 spell: Fireball
 18150 | D:10     | Learned a level 2 spell: Blink
 18368 | Lair:1   | HP: 18/60 [poisoned by a cane toad]
 18385 | Lair:1   | Noticed Amaemon
 18504 | Lair:1   | Found a dark tunnel.
 18509 | Volcano  | Entered a volcano
 18601 | Volcano  | Reached skill level 12 in Dodging
 18749 | Volcano  | HP: 15/60 [gargoyle/stone arrow (29)]
 18752 | Volcano  | Killed from afar by a gargoyle

Illustrated notes

Levels and vault maps discovered:
D:1:      minmay_arrival_pointy, layout_basic, ebering_ecumenical_altar_ruins,
          serial_shops, nicolae_square_shop
D:2:      layout_basic, basic_altar, nrook_campfire, minmay_distorted
D:3:      layout_rooms, led_sif_book, minitemple, lemuel_round_altar,
          guppyfry_early_orc_mine
D:4:      layout_loops_ring
D:5:      layout_basic, marbit_many_paths
D:6:      layout_rooms, xom_teletrap_fun, kennysheep_mini,
          minmay_temple_entry_ruins, ebering_ghost_inner_flame, st_stairs_9,
          guppyfry_early_elven_hall
D:7:      layout_cave_pools, mainiacjoe_overflow_small_starburst, serial_bayou,
          serial_bayou_pond_b, serial_bayou_pond_b, serial_bayou_pond_c,
          serial_bayou_crossing, serial_bayou_pond_e, nicolae_grassy_gnolls
D:8:      layout_loops_corners, nemelex_xobeh_ov_fountains_minmay,
          nicolae_dithmenos_shadow_blocks, mainiacjoe_overflow_boulevard,
          chequers_serial_rivers_marsh
D:9:      layout_loops_ring, mainiacjoe_overflow_alcove_1, enter_bailey_2
D:10:     layout_roguey, kennysheep_mini_moat, elyvilon_altar_4,
          minmay_lair_entry_grove, serial_nicolae_subway,
          nicolae_sub_station_crystal, nicolae_sub_station_stone,
          nicolae_sub_station_metal, uniq_psyche, uniq_gastronok
Temple:   hellmonk_temple_of_storms
Lair:1:   wander_river, layout_chaotic_city, nicolae_volcano_entry_s_turn,
          serial_bayou_pond_e, grunt_forest_large_clearing_hut,
          lemuel_fruit_fields, lemuel_fruit_tree, uniq_amaemon
Volcano:  hellmonk_zot_springs

Skill      XL: |  1  2  3  4  5  6  7  8  9 10 11 |
---------------+----------------------------------+-----
Dodging        | 3 4 5 6 8 10 12 | 12.0
Spellcasting   | 3 4 5 6 7 8 |  8.2
Fighting       | 2 3 4 5 6 7 |  7.9
Stealth        | 1 2 3 4 5 7 8 |  8.7
Short Blades   | 4 5 6 |  6.8
Conjurations   | 3 4 5 6 7 |  7.4
Fire Magic     | 1 3 |  3.8
Translocations | 3 |  3.0
Earth Magic    | |  0.7

Action                     |  1- 3 |  4- 6 |  7- 9 | 10-12 || total
---------------------------+-------+-------+-------+-------++-------
  Melee: Short sword       |   104 |   156 |   104 |   114 ||   478
         Dagger            |       |     8 |    45 |    93 ||   146
         Punch             |       |       |     4 |     2 ||     6
   Fire: Sling             |       |       |   106 |    78 ||   184
  Throw: Dart              |       |     8 |     4 |     2 ||    14
   Cast: Foxfire           |       |    30 |   198 |   236 ||   464
         Hailstorm         |       |       |       |    41 ||    41
         Scorch            |       |       |       |    97 ||    97
         Stone Arrow       |       |       |       |    15 ||    15
         Magic Dart        |       |       |       |     3 ||     3
    Use: Scroll            |       |     3 |     3 |     4 ||    10
   Stab: Sleeping          |     3 |     7 |     2 |     5 ||    17
 Armour: Robe              |     7 |     5 |    13 |    11 ||    36
         Acid dragon scale |       |       |       |    10 ||    10
  Dodge: Dodged            |    56 |    96 |   208 |   266 ||   626

Table legend: (Time is in decaauts)
 A = Elapsed time spent in this place.
 B = Non-inter-level travel time spent in this place.
 C = Inter-level travel time spent in this place.
 D = Time resting spent in this place.
 E = Time spent auto-exploring this place.
 F = Levels seen in this place.
 G = Mean time per level.
                   A        B        C        D        E       F      G
               +--------+--------+--------+--------+--------+-----+--------+
         Total |  14482 |  13518 |    964 |   4232 |   5006 |  14 | 1034.4 |
       Dungeon |  13453 |  12499 |    954 |   3739 |   4957 |  10 | 1345.3 |
        Temple |     25 |     22 |      3 |      0 |     16 |   1 |   25.0 |
          Lair |    133 |    127 |      6 |      0 |     13 |   1 |  133.0 |
        Bailey |    646 |    646 |      0 |    320 |     19 |   1 |  646.0 |
       Volcano |    224 |    224 |      0 |    172 |      0 |   1 |  224.0 |
               +--------+--------+--------+--------+--------+-----+--------+

Top non-repeatable levels by time:
    D:10: 2782 daAuts
     D:9: 2369 daAuts
     D:5: 2065 daAuts
     D:6: 1891 daAuts
     D:8: 1339 daAuts
     D:7: 889 daAuts
  Bailey: 646 daAuts
     D:4: 565 daAuts
     D:2: 522 daAuts
     D:1: 515 daAuts
     D:3: 511 daAuts
 Volcano: 224 daAuts
  Lair:1: 133 daAuts
  Temple: 25 daAuts
